 Dungeon Crawl Stone Soup version 0.21.1-1-g345015fe64 (webtiles) character file.

443 Peloso the Shield-Bearer (level 6, 0/70 HPs)
             Began as a Demonspawn Fighter on May 12, 2018.
             Succumbed to kobold's curare-tipped needle
             ... on level 4 of the Dungeon.
             The game lasted 00:10:56 (4306 turns).

Peloso the Shield-Bearer (Demonspawn Fighter)       Turns: 4306, Time: 00:10:57

Health: 0/70       AC: 23    Str: 18    XL:     6   Next: 71%
Magic:  6/6        EV:  2    Int: 14    God:
Gold:   359        SH: 10    Dex: 18    Spells: 5/5 levels left

rFire    + + .     SeeInvis .   a - +0 long sword
rCold    + + .     Gourm    .   c - +0 shield
rNeg     + + +     Faith    .   (armour currently unavailable)
rPois    +         Spirit   +   (helmet currently unavailable)
rElec    +         Reflect  .   (cloak currently unavailable)
rCorr    +         Harm     .   (gloves currently unavailable)
MR       .....     NoTele   +   (boots currently unavailable)
Stlth    +++.......             (no amulet)
HPRegen  0.21/turn              p - ring of protection from cold
MPRegen  0.20/turn              t - ring of protection from fire

@: brilliant, agile, lethally poisoned (0 -> -2), tree-form, resistant
A: magic shield, magic regeneration
a: no special abilities


You were on level 4 of the Dungeon.
You were not hungry.
You were a tree.
You visited 1 branch of the dungeon, and saw 4 of its levels.

You collected 359 gold pieces.

Inventory:

Hand Weapons
 a - a +0 long sword (weapon)
Missiles
 u - 20 bolts
Armour
 b - a +1 plate armour (melded)
 c - a +0 shield (worn)
Jewellery
 e - an uncursed ring of flight
 g - an uncursed ring of see invisible
 k - an uncursed ring of see invisible
 p - a ring of protection from cold (left branch)
 r - an uncursed ring of protection from magic {unknown}
 t - a ring of protection from fire (right branch)
Scrolls
 h - 2 scrolls of teleportation
 i - 3 scrolls of remove curse
 j - 2 scrolls of identify
 m - a scroll of magic mapping
Potions
 n - a potion of lignification
 o - a potion of resistance
 q - a potion of haste
Comestibles
 d - 3 chunks of flesh
 f - 9 rations


   Skills:
 + Level 3.4 Fighting
 + Level 4.1 Long Blades
 + Level 4.0 Armour
 + Level 0.4 Dodging
 + Level 0.1 Stealth
 + Level 4.6 Shields


You had 5 spell levels left.
You didn't know any spells.

Dungeon Overview and Level Annotations

Branches:
Dungeon (4/15)
 Temple: D:4-7

Altars:
Gozag
Nemelex Xobeh
Uskayaw
Xom
The Shining One


Innate Abilities, Weirdness & Mutations

((You have sharp toenails.))
When hurt, damage is shared between your health and your magic reserves.
You regenerate magic rapidly.


Message History

* * * LOW HITPOINT WARNING * * *
You feel sick.
You are stuck in your current form!
* * * LOW HITPOINT WARNING * * *
You feel sick.
* * * LOW HITPOINT WARNING * * *
You feel sick.
* * * LOW HITPOINT WARNING * * *
You feel sick.
* * * LOW HITPOINT WARNING * * *
You feel sick.
You feel protected.
* * * LOW HITPOINT WARNING * * *
You feel sick.
* * * LOW HITPOINT WARNING * * *
You feel sick.
* * * LOW HITPOINT WARNING * * *
You feel sick.
You feel yourself speed up.
You die...

#..#..#..÷'...# #..........#
#..#..#'#)#P..####.#...####..
#####..#..#^#(#........#.........
..........#####...###..#>#.......
####......#.................#)#.#
#...####.........#.........#.#
###.# ##......P..##.......))(.
#.###....####..##...######..
#..<..#.((%♣#..##.### #..
#####....#%.#..##.# #..
##..P####..##.########..
#...P.....##...........
##.........##....######.
#..######.###.##.# #. #.##
.###....# #. #.# ........## #.
#.### ##.......## ##


There were no monsters in sight!

Vanquished Creatures
  A scorpion (D:4)
  2 hounds (D:4)
  4 orc wizards
  A worker ant (D:4)
  A hound skeleton (D:4)
  2 gnolls
  5 adders
  An ooze (D:2)
  2 worms
  3 dart slugs
  3 leopard geckos
  20 orcs
  9 bats
  3 giant cockroaches
  8 goblins
  5 hobgoblins
  7 jackals
  2 quokkas (D:3)
  4 frilled lizards
  9 kobolds
  A quokka skeleton (D:4)
  2 rats
  A fungus (D:3)
96 creatures vanquished.

Notes
Turn   | Place    | Note
-------+----------+-------------------------------------------
     0 | D:1      | Peloso the Demonspawn Fighter began the quest for the Orb.
     0 | D:1      | Reached XP level 1. HP: 18/18 MP: 1/1
   242 | D:1      | Gained mutation: When hurt, damage is shared between your health and your magic reserves. [demonic ancestry]
   242 | D:1      | Reached XP level 2. HP: 24/24 MP: 2/2
   590 | D:1      | Reached XP level 3. HP: 24/29 MP: 1/3
  1350 | D:2      | Found a glowing golden altar of the Shining One.
  1932 | D:2      | Reached XP level 4. HP: 35/35 MP: 4/4
  2650 | D:3      | Found a shimmering altar of Xom.
  2758 | D:3      | Found a sparkling altar of Nemelex Xobeh.
  2759 | D:3      | Found an opulent altar of Gozag.
  3044 | D:3      | Noticed a dagger
  3044 | D:3      | Noticed a hand axe
  3046 | D:3      | Found a hide-covered altar of Uskayaw.
  3068 | D:3      | Gained mutation: You regenerate magic rapidly. [demonic ancestry]
  3068 | D:3      | Reached XP level 5. HP: 26/41 MP: 2/5
  3281 | D:3      | HP: 2/41 [orc/whip (2)]
  3286 | D:3      | HP: 1/41 [something/puff of flame (2)]
  3959 | D:4      | Gained mutation: You have sharp toenails. [demonic ancestry]
  3959 | D:4      | Reached XP level 6. HP: 36/47 MP: 6/6
  4299 | D:4      | HP: 3/70 [poisoned by kobold (curare-tipped needle)]
  4303 | D:4      | HP: 1/70 [poisoned by kobold (curare-tipped needle)]
  4306 | D:4      | Succumbed to kobold's curare-tipped needle

Skill      XL: |  1  2  3  4  5  6 |
---------------+-------------------+-----
Long Blades    | 2 3 4 |  4.1
Armour         | 3 4 |  4.0
Shields        | 3 4 |  4.6
Fighting       | |  3.4
Dodging        | |  0.4
Stealth        | |  0.1

Action                   |  1- 3 |  4- 6 || total
-------------------------+-------+-------++-------
Melee: Long sword        |   138 |   342 ||   480
       Kick              |       |    16 ||    16
  Use: Scroll            |       |     9 ||     9
       Potion            |       |     7 ||     7
  Eat: Chunk             |     2 |    10 ||    12
Armor: Scale mail        |    10 |       ||    10
       Plate armour      |    94 |   390 ||   484
Dodge: Dodged            |    21 |    61 ||    82
Block: Shield            |    81 |   234 ||   315
       Rpst.: Long sword |     7 |    15 ||    22
